 Dungeon Crawl Stone Soup version 0.30.0-5-g1a98f26d00 (webtiles) character file.

Game seed: 9255950400958734710

999 hawla the Firebug (level 8, 0/59 HPs)
             Began as a Meteoran Fire Elementalist on May 11, 2023.
             Slain by a two-headed ogre
             ... wielding a +0 giant club
              (7 damage)
             ... on level 5 of the Dungeon.
             The game lasted 00:10:25 (2081 turns).

hawla the Firebug (Meteoran Fire Elementalist)      Turns: 2081, Time: 00:10:25

Health: 0/59       AC:  3    Str:  9    XL:     8   Next: 71%
Magic:  17/17      EV: 14    Int: 18    God:
Gold:   147        SH:  0    Dex: 16    Spells: 11/18 levels left

rFire   . . .        d - +3 flail (protect)
rCold   + . .        (no shield)
rNeg    . . .        a - +0 robe
rPois   .            (no helmet)
rElec   .            e - +0 cloak
rCorr   .            (no gloves)
SInv    .            (no boots)
Will    +....        (no amulet)
Stlth   +            c - ring of protection from cold
HPRegen 0.29/turn    (no ring)
MPRegen 0.15/turn

%: no passive effects
@: glowing
A: sense surroundings 1, otherworldly, glowing, explore regen
a: no special abilities


You were on level 5 of the Dungeon.
You visited 1 branch of the dungeon, and saw 5 of its levels.
You also visited: Ossuary.

You collected 147 gold pieces.

Inventory:

Hand Weapons
 d - a +3 flail of protection (weapon)
Armour
 a - a +0 robe (worn)
 e - a +0 cloak (worn)
Jewellery
 c - a ring of protection from cold (left hand)
Scrolls
 f - a scroll of blinking
 h - a scroll of identify
Potions
 b - a potion of magic
 g - a potion of mutation {unknown}
 j - a potion of flight
 k - a potion of heal wounds {unknown}
 l - a potion of resistance {unknown}
 m - 2 potions of curing {unknown}
 n - 2 potions of might {unknown}
 o - a potion of attraction {unknown}


   Skills:
 + Level 1.6 Fighting
 + Level 4.3 Maces & Flails
 + Level 4.1 Dodging
 - Level 1.4 Stealth
 + Level 5.7 Spellcasting
 + Level 5.6 Conjurations
 + Level 6.5 Fire Magic


You had 11 spell levels left.
You knew the following spells:

 Your Spells              Type           Power      Damage    Failure   Level
a - Foxfire               Conj/Fire      100%       2x1d9     1%          1
b - Scorch                Fire           56%        2d7       1%          2
c - Flame Wave            Conj/Fire      27%        2d9       10%         4

Your spell library contained the following spells:

 Spells                   Type           Power      Damage    Failure   Level
 Magic Dart               Conj           100%       1d8       1%          1
 Inner Flame              Hex/Fire       16%        N/A       10%         3
 Volatile Blastmotes      Fire/Tloc      32%        2d12      10%         3
 Mephitic Cloud           Conj/Pois/Air  11%        N/A       17%         3
 Call Imp                 Summ           10%        N/A       19%         2
 Frozen Ramparts          Ice            10%        1d2       36%         3
 Ice Form                 Ice/Tmut       5%         N/A       77%         4
 Summon Ice Beast         Ice/Summ       5%         N/A       77%         4


Dungeon Overview and Level Annotations

Branches:
Dungeon (5/15) Zot: 1331  Ossuary (visited)
 Temple: D:4-7

Altars:

Shops:
D:3 [


Innate Abilities, Weirdness & Mutations

You passively map a small area around you.
You are easily found by Zot.
You glow in the dark.
You regain HP and MP as you explore.


Message History

You see here a howler monkey corpse.
h - a scroll of identify You see here an adder corpse.
You pick up a book of Rime and begin reading...
You add the spells Frozen Ramparts, Ice Form and Summon Ice Beast to your library.
You open the door.
An ogre comes into view. It is wielding a +0 giant club.
An ogre is nearby!
The ogre hits you with a +0 giant club!!
You sock the ogre!
Your weapon exudes an aura of protection.
The ogre is moderately wounded.
The ogre barely misses you.
You barely miss the ogre.
The ogre is moderately wounded.
The ogre misses you.
You closely miss the ogre.
The ogre is moderately wounded.
The ogre closely misses you.
You hit the ogre.
The ogre is moderately wounded.
Casting: Scorch (safe; 1% risk of failure)
Confirm with . or Enter, or press ? or * to list all spells.
Flames lash the ogre.
The ogre is severely wounded.
The ogre's fire resistance burns away.
The ogre hits you with a +0 giant club!
Casting: Scorch (safe; 1% risk of failure)
Confirm with . or Enter, or press ? or * to list all spells.
Flames lash the ogre.
The ogre is burned terribly!
You kill the ogre!
A two-headed ogre comes into view. It is wielding two +0 giant clubs.
A two-headed ogre is nearby!
The two-headed ogre attacks as you move away!
The two-headed ogre barely misses you.
The two-headed ogre hits you with a +0 giant club!!
* * * LOW HITPOINT WARNING * * *
The two-headed ogre attacks as you move away!
The two-headed ogre closely misses you.
The two-headed ogre hits you with a +0 giant club!
You die...

.###..# #.# ...#....# #.### .#
#..# #.# ....#....# #.... .# #..#
#.# *#...#....# #.### .# #..# #.#
#...#....#####.# .# #..####.#
#..............#
####.......#####..###########.###
.................................
####.#####.#####..# #########.##.
# #.# #.# #@.# #....
####.#####.#####O.# #.###
............).....###########.#
####..........................#
####.#####.#####.###########..###
......................<..........
####.###########.###########..###
#.# #.................
#.#######################.####


You could see a two-headed ogre.

Vanquished Creatures
  An ice beast (D:5)
  2 ogres (D:5)
  A centaur (D:5)
  An elf zombie (Ossuary)
  2 scorpions
  A howler monkey (D:5)
  2 human zombies (Ossuary)
  A centaur zombie (Ossuary)
  4 orc priests (D:4)
  4 iguanas
  3 mummies (Ossuary)
  2 adders
  An ufetubus (D:5)
  5 adder zombies (Ossuary)
  3 dart slugs
  5 orcs (D:4)
  3 ball pythons
  5 endoplasms
  2 goblins (D:2)
  2 hobgoblins
  A kobold (D:4)
  A quokka (D:4)
  A gnoll zombie (Ossuary)
  2 goblin zombies (Ossuary)
  3 hobgoblin zombies (Ossuary)
  3 jackal zombies (Ossuary)
  3 kobold zombies (Ossuary)
  4 orc zombies (Ossuary)
  2 quokka zombies (Ossuary)
  A rat (D:3)
  6 rat zombies (Ossuary)
77 creatures vanquished.

Vanquished Creatures (others)
  83 foxfires
83 creatures vanquished.

Grand Total: 160 creatures vanquished

Notes
Turn   | Place    | Note
-------+----------+-------------------------------------------
     0 | D:1      | hawla the Meteoran Fire Elementalist began the quest for
                  | the Orb.
     0 | D:1      | Reached XP level 1. HP: 14/14 MP: 5/5
    46 | D:2      | Reached XP level 2. HP: 15/20 MP: 3/6
    47 | D:2      | Reached skill level 4 in Fire Magic
    50 | D:2      | Learned a level 2 spell: Scorch
   111 | D:3      | Found Len Imon's Antique Armour Shop.
   166 | D:4      | Reached XP level 3. HP: 26/26 MP: 0/8
   204 | D:4      | Noticed a scorpion
   220 | D:4      | Killed a scorpion
   221 | D:4      | Reached skill level 5 in Fire Magic
   221 | D:4      | Reached XP level 4. HP: 3/33 MP: 6/10
   221 | D:4      | Reached XP level 5. HP: 4/38 MP: 6/11
   321 | D:4      | Learned a level 4 spell: Flame Wave
   388 | D:4      | Found a sand-covered staircase.
   399 | Ossuary  | Entered an ossuary
   433 | Ossuary  | Reached XP level 6. HP: 40/45 MP: 1/12
   586 | Ossuary  | Reached skill level 5 in Conjurations
   619 | Ossuary  | Reached skill level 1 in Maces & Flails
   619 | Ossuary  | Reached XP level 7. HP: 12/50 MP: 2/14
  1434 | D:5      | Entered Level 5 of the Dungeon
  1553 | D:5      | Reached skill level 1 in Fighting
  1626 | D:5      | Reached XP level 8. HP: 55/59 MP: 16/16
  1687 | D:5      | Reached skill level 5 in Spellcasting
  1687 | D:5      | Reached skill level 6 in Fire Magic
  2076 | D:5      | Noticed a two-headed ogre
  2081 | D:5      | Slain by a two-headed ogre

Illustrated notes

Levels and vault maps discovered:
D:1:      doesnt_arrival_eight_statues, layout_loops_ring,
          chequers_serial_rivers_micro_a
D:2:      layout_loops_ring, minmay_hexomino_f4
D:3:      layout_loops_ring, marbit_many_paths, serial_shops,
          nicolae_shop_real_fake_doors
D:4:      layout_basic, chequers_ossuary_entry_cave
D:5:      layout_basic, hangedman_abyss_or_decor_jellyfish_corner

Skill      XL: |  1  2  3  4  5  6  7  8 |
---------------+-------------------------+-----
Fire Magic     | 4 5 6 |  6.5
Spellcasting   | 3 4 5 |  5.7
Conjurations   | 3 5 |  5.6
Maces & Flails | 1 3 4 |  4.3
Dodging        | 3 4 |  4.1
Fighting       | 1 |  1.6
Stealth        | |  1.4

Action                     |  1- 3 |  4- 6 |  7- 9 || total
---------------------------+-------+-------+-------++-------
  Melee: Unarmed           |     1 |       |       ||     1
         Flail             |     4 |    88 |    46 ||   138
   Cast: Foxfire           |    17 |    26 |     9 ||    52
         Scorch            |     5 |    13 |    18 ||    36
         Flame Wave        |       |     4 |     3 ||     7
    Use: Scroll            |     1 |       |     6 ||     7
         Potion            |     1 |       |       ||     1
   Stab: Sleeping          |       |       |     1 ||     1
 Armour: Robe              |     5 |    56 |    38 ||    99
  Dodge: Dodged            |     7 |    66 |    44 ||   117
